 Dungeon Crawl Stone Soup version 0.26-a0-30-g56b8cd3df0 (webtiles) character file.

Game seed: 13980637380164373573, levelgen mode: deterministic

322 Lanoc the Cudgeler (level 6, -3/50 HPs)
             Began as a Barachi Chaos Knight on May 30, 2020.
             Was a Plaything of Xom.
             Slain by Grinder (6 damage)
             ... while paralysed by Grinder
             ... on level 3 of the Dungeon.
             The game lasted 00:02:20 (1588 turns).

Lanoc the Cudgeler (Barachi Chaos Knight)           Turns: 1588, Time: 00:02:21

Health: -3/50      AC:  5    Str: 14    XL:     6   Next: 47%
Magic:  6/6        EV:  2    Int: 12    God:    Xom [..*...]
Gold:   119        SH:  0    Dex: 13    Spells: 5/5 levels left

rFire    . . .     SeeInvis .   a - +0 mace (chaos)
rCold    . . .     Gourm    .   (no shield)
rNeg     . . .     Faith    .   b - +2 leather armour
rPois    .         Spirit   .   (no helmet)
rElec    .         Reflect  .   (no cloak)
rCorr    .         Harm     .   (no gloves)
MR       .....                  (no boots)
Stlth    +.........             (no amulet)
HPRegen  0.16/turn              (no ring)
MPRegen  0.10/turn              (no ring)

@: paralysed, mighty, lethally poisoned (-3 -> -7), liquefying, hasted, slowed
movement, very slow
A: +LOS, swims, slowness 1, strong legs 1
a: Hop, Renounce Religion


You were on level 3 of the Dungeon.
You worshipped Xom.
You were a toy of Xom.
You were not hungry.

You visited 1 branch of the dungeon, and saw 3 of its levels.

You collected 119 gold pieces.

Inventory:

Hand Weapons
 a - a +0 mace of chaos (weapon)
Armour
 b - a +2 leather armour (worn)
Wands
 k - a wand of enslavement (7)
Scrolls
 f - a scroll of teleportation {unknown}
 i - a scroll of enchant armour {unknown}
 j - a scroll of remove curse {unknown}
Potions
 h - a potion of mutation {unknown}
 l - 2 potions of lignification {unknown}
Comestibles
 c - 5 rations


   Skills:
 + Level 4.9 Fighting
 * Level 5.5 Maces & Flails
 + Level 4.1 Armour
 + Level 3.1 Dodging


You had 5 spell levels left.
You didn't know any spells.
Your spell library was empty.

Dungeon Overview and Level Annotations

Branches:
Dungeon (3/15)

Altars:

Annotations:
D:3 Grinder


Innate Abilities, Weirdness & Mutations

You can be seen from farther away. (+LOS)
You can swim through water.
You cover ground slowly.
You can hop short distances.


Message History

Xom thinks this is hilarious!
The adder bites you.
* * * LOW HITPOINT WARNING * * *
You are more poisoned.
The adder poisons you! Grinder gestures at you.
You suddenly lose the ability to move!
You feel sick.
Xom guffaws.
The ground around you becomes liquefied!
The rat twitches its whiskers.
The adder becomes momentarily stuck in the liquid earth.
Grinder hits you!
* * * LOW HITPOINT WARNING * * *
You writhe in agony.
* * * LOW HITPOINT WARNING * * *
The adder becomes momentarily stuck in the liquid earth.
Grinder hits you.
You die...
Xom chortles!

#...# [# ##...#
.. #....# #.#
#....# .# .#
###..(.# .#
.... #...)..#
.. .##..###
#.รท#)###
........##o.#.#
#5@Sr...#
####..#..#
#[....#
...##...# r..##
##.# 5...# ..#
....## .. ..o..
.....#


You could see Grinder (struggling), an adder (struggling), an orc (struggling)
and a rat (struggling).

Vanquished Creatures
  Sigmund (D:2)
  An orc priest (D:3)
  An orc wizard (D:3)
  Terence (D:2)
  3 gnolls (D:2)
  2 adders (D:2)
  An ooze (D:3)
  A worm (D:2)
  5 orcs (D:3)
  5 bats
  3 giant cockroaches
  3 goblins
  4 hobgoblins
  3 jackals (D:2)
  2 frilled lizards (D:2)
  4 kobolds (D:2)
  6 rats
46 creatures vanquished.

Notes
Turn   | Place    | Note
-------+----------+-------------------------------------------
     0 | D:1      | Lanoc the Barachi Chaos Knight began the quest for the Orb.
     0 | D:1      | Reached XP level 1. HP: 18/18 MP: 1/1
    20 | D:2      | Noticed Terence
    34 | D:2      | XOM: silly message
    44 | D:2      | XOM: smoke on damage
    51 | D:2      | Killed Terence
    51 | D:2      | Reached XP level 2. HP: 8/25 MP: 2/2
    51 | D:2      | Reached XP level 3. HP: 10/30 MP: 3/3
   117 | D:2      | XOM: silly message
   220 | D:2      | XOM: silly message
   352 | D:2      | Reached skill level 4 in Maces & Flails
   438 | D:2      | Reached XP level 4. HP: 20/37 MP: 4/4
   461 | D:2      | Found a faded altar of an unknown god.
   659 | D:2      | XOM: smoke on damage
   833 | D:2      | XOM: silly message
   839 | D:2      | XOM: silly message
   868 | D:2      | XOM: silly message
  1110 | D:3      | Noticed Sigmund
  1110 | D:3      | Noticed Grinder
  1111 | D:3      | XOM: potion effect (might)
  1113 | D:2      | XOM: divination: detect items
  1115 | D:2      | XOM: smoke on damage
  1120 | D:2      | Killed Sigmund
  1120 | D:2      | Reached skill level 5 in Maces & Flails
  1120 | D:2      | Reached XP level 5. HP: 25/43 MP: 5/5
  1120 | D:2      | Reached XP level 6. HP: 29/50 MP: 6/6
  1328 | D:3      | XOM: silly message
  1339 | D:3      | XOM: cast spell 'Olgreb's Toxic Radiance'
  1559 | D:3      | XOM: noise
  1581 | D:3      | XOM: silly message
  1586 | D:3      | Paralysed by Grinder for 2 turns
  1587 | D:3      | XOM: cast spell 'Leda's Liquefaction'
  1588 | D:3      | Slain by Grinder

Illustrated notes

Levels and vault maps discovered:
D:1:      lemuel_arrival_broad_hall, layout_rooms
D:2:      layout_rooms, chequers_ecumenical_altar_simple_redux, uniq_terence
D:3:      layout_rooms, uniq_sigmund, uniq_grinder

Skill      XL: |  1  2  3  4  5  6 |
---------------+-------------------+-----
Fighting       | 4 |  4.9
Armour         | 3 4 |  4.1
Maces & Flails | 4 5 |  5.5
Dodging        | 2 3 |  3.1

Action                   |  1- 3 |  4- 6 || total
-------------------------+-------+-------++-------
Melee: Mace              |    61 |   101 ||   162
  Use: Potion            |       |     2 ||     2
 Stab: Confused          |     1 |       ||     1
       Paralysed         |       |     3 ||     3
       Distracted        |       |     1 ||     1
  Eat: Chunk             |       |     3 ||     3
Armor: Leather armour    |    22 |    29 ||    51
Dodge: Dodged            |    28 |    68 ||    96

Table legend:
 A = Non-vault XP
 B = Vault XP
 C = Vault XP percentage of total XP
 D = Non-vault monster count
 E = Vault monster count
 F = Vault count percentage of total count
                 A         B        C        D         E       F
            +---------+---------+-------+---------+---------+-------
      Total |     220 |     240 |  52.2 |      44 |       2 |   4.3
            +---------+---------+-------+---------+---------+-------
        D:2 |     110 |     240 |  68.6 |      30 |       2 |   6.2
        D:3 |     110 |       0 |   0.0 |      14 |       0 |   0.0
            +---------+---------+-------+---------+---------+-------
